 Dungeon Crawl Stone Soup version 0.32-a0-377-g951292165a (webtiles) character file.

Game seed: 11422394745697360221

86 Anathary the Shield-Bearer (level 4, -5/41 HPs)
             Began as a Minotaur Fighter on Feb 19, 2024.
             Slain by a gnoll
             ... wielding a +0 halberd
              (7 damage)
             ... on level 3 of the Dungeon.
             The game lasted 00:05:00 (1405 turns).

Anathary the Shield-Bearer (Minotaur Fighter)       Turns: 1405, Time: 00:05:01

Health: -5/41      AC:  9    Str: 21    XL:     4   Next: 27%
Magic:  3/3        EV:  8    Int:  5    God:
Gold:   86         SH:  5    Dex: 11    Spells: 3/3 levels left

rFire   . . .        a - +0 long sword
rCold   . . .        c - +0 buckler
rNeg    . . .        r - +0 chain mail
rPois   .            (helmet restricted)
rElec   .            (no cloak)
rCorr   .            (no gloves)
SInv    .            (no boots)
Will    .....        (no amulet) Stlth
                     (no ring)
HPRegen 0.26/turn    (no ring)
MPRegen 0.08/turn

%: no passive effects
@: no status effects
A: horns 2, retaliatory headbutt
a: no special abilities


You were on level 3 of the Dungeon.
You visited 1 branch of the dungeon, and saw 3 of its levels.

You collected 86 gold pieces.

Inventory:

Hand Weapons
 a - a +0 long sword (weapon)
Armour
 c - a +0 buckler (worn)
 r - a +0 chain mail (worn)
Jewellery
 n - a ring of see invisible
Scrolls
 b - a scroll of amnesia {unknown}
 e - 2 scrolls of identify {unknown}
 f - 2 scrolls of fog {unknown}
 m - a scroll of acquirement {unknown}
 p - 2 scrolls of enchant armour {unknown}
Potions
 d - a potion of might
 g - a potion of haste {unknown}
 h - 2 potions of berserk rage {unknown}
 i - a potion of heal wounds {unknown}
 j - a potion of brilliance {unknown}
 k - a potion of cancellation {unknown}
 l - a potion of mutation {unknown}
 o - a potion of magic {unknown}
 q - 3 potions of curing {unknown}


   Skills:
 + Level 4.3 Fighting
 + Level 3.3 Long Blades
 + Level 4.4 Armour
 + Level 0.1 Dodging
 + Level 0.1 Stealth
 + Level 4.4 Shields


You had 3 spell levels left.
You didn't know any spells.
Your spell library contained the following spells:

 Spells                   Type           Power      Damage    Failure   Level
 Sandblast                Erth           0%         2d4       99%         1
 Slow                     Hex            0%         N/A       99%         1
 Confusing Touch          Hex            0%         N/A       100%        3
 Passwall                 Erth           0%         N/A       100%        3
 Sigil of Binding         Hex            0%         N/A       100%        3
 Stone Arrow              Conj/Erth      0%         3d7       100%        3
 Vampiric Draining        Necr           0%         2d6       100%        3
 Brom's Barrelling Bould  Conj/Erth      0%         2d3       100%        4


Dungeon Overview and Level Annotations

Branches:
Dungeon (3/15)

Altars:


Innate Abilities, Weirdness & Mutations

You have a pair of horns on your head.
You reflexively headbutt those who attack you in melee.


Message History

You closely miss the hobgoblin. Your headbutt misses the hobgoblin.
You block the hobgoblin's attack.
The hobgoblin hits you but does no damage.
You slash the hobgoblin!
You kill the hobgoblin!
You hit the gnoll. Your headbutt misses the gnoll.
The gnoll is heavily wounded.
The gnoll hits you with a +0 club. The gnoll barely misses you.
The gnoll hits you with a +0 club.
You hit the gnoll but do no damage.
The gnoll is heavily wounded.
The gnoll hits you from afar with a +0 halberd.
The gnoll hits you with a +0 club. You block the gnoll's attack.
You barely miss the gnoll. You headbutt the gnoll.
The gnoll is almost dead.
You block the gnoll's attack.
The gnoll hits you from afar with a +0 halberd!
You hit the gnoll but do no damage. Your headbutt misses the gnoll.
The gnoll is almost dead.
The gnoll barely misses you.
The gnoll hits you from afar with a +0 halberd.
You hit the gnoll.
You kill the gnoll!
The gnoll hits you from afar with a +0 halberd!
* * * LOW HITPOINT WARNING * * *
The gnoll hits you from afar with a +0 halberd.
* * * LOW HITPOINT WARNING * * *
You block the gnoll's attack.
Things that are here:
a +0 club; a gnoll corpse; a hobgoblin corpse You completely miss the gnoll.
You block the gnoll's attack.
You hit the gnoll but do no damage. The gnoll hits you but does no damage.
You closely miss the gnoll. You headbutt the gnoll.
The gnoll is moderately wounded.
The gnoll hits you with a +0 halberd.
* * * LOW HITPOINT WARNING * * *
You hit the gnoll.
The gnoll is heavily wounded.
The gnoll hits you with a +0 halberd!
You die...

#.# #.# ...# #.#
...+ #.# g..# #.#
...# #.# ...# #.#
...#
##.#######...####
#.....@gg.(.....g
################.


You could see 2 gnolls.

Vanquished Creatures
  Terence (D:2)
  A gnoll (D:3)
  A bat (D:1)
  3 endoplasms (D:1)
  A giant cockroach (D:1)
  3 goblins (D:2)
  2 hobgoblins
  3 kobolds (D:1)
  4 ball pythons
  A frilled lizard (D:1)
  11 rats
31 creatures vanquished.

Notes
Turn   | Place    | Note
-------+----------+-------------------------------------------
     0 | D:1      | Anathary the Minotaur Fighter began the quest for the Orb.
     0 | D:1      | Reached XP level 1. HP: 19/19 MP: 0/0
   101 | D:1      | Reached XP level 2. HP: 27/27 MP: 1/1
   305 | D:1      | Reached XP level 3. HP: 33/33 MP: 2/2
   559 | D:1      | Found a faded altar of an unknown god.
   746 | D:2      | Noticed Terence
   754 | D:2      | Killed Terence
   871 | D:2      | Reached XP level 4. HP: 39/40 MP: 3/3
  1404 | D:3      | HP: 1/41 [gnoll/+0 halberd (6)]
  1405 | D:3      | Slain by a gnoll

Illustrated notes

Levels and vault maps discovered:
D:1:      mushboom_english_gardens, layout_basic, basic_ecumenical_altar,
          serial_bayou_lagoon_a, minmay_crystal_room, minmay_rat_gold_closets
D:2:      layout_rooms, hangedman_decor_diamond_cutter, uniq_terence
D:3:      minmay_roachtagon, layout_basic, overflow_temple_1_default,
          ebering_ghost_inner_flame, uniq_robin

Skill      XL: |  1  2  3 |
---------------+----------+-----
Fighting       | 4 |  4.3
Shields        | 4 |  4.4
Armour         | 4 |  4.4
Long Blades    | 3 |  3.3
Dodging        | |  0.1
Stealth        | |  0.1

Action                     |  1- 3 |  4- 6 || total
---------------------------+-------+-------++-------
  Melee: Long sword        |    63 |    22 ||    85
         Headbutt          |     6 |     2 ||     8
 Armour: Scale mail        |    42 |       ||    42
         Chain mail        |       |    20 ||    20
  Dodge: Dodged            |    32 |     3 ||    35
  Block: Buckler           |    14 |     6 ||    20

Table legend: (Time is in decaauts)
 A = Elapsed time spent in this place.
 B = Non-inter-level travel time spent in this place.
 C = Inter-level travel time spent in this place.
 D = Time resting spent in this place.
 E = Time spent auto-exploring this place.
 F = Levels seen in this place.
 G = Mean time per level.
                   A        B        C        D        E       F      G
               +--------+--------+--------+--------+--------+-----+--------+
         Total |   1448 |   1297 |    151 |     85 |    801 |   3 |  482.7 |
       Dungeon |   1448 |   1297 |    151 |     85 |    801 |   3 |  482.7 |
               +--------+--------+--------+--------+--------+-----+--------+

Top non-repeatable levels by time:
     D:1: 779 daAuts
     D:2: 615 daAuts
     D:3: 53 daAuts
